Cogmind - Beta 14 *** ADVENTURER MODE // 2024.08.28 @ 17:36:34 Player: WimP_Lo Result: Destroyed by Y-54 Guardian with Gatling Laser Performance ------------- Evolutions (4) 2000 Regions Visited (7) 1400 Robots Destroyed (78) 390 Value Destroyed (2685) 2685 Prototype IDs (0) 0 Alien Tech Used (0) 0 Bonus (685) 685 TOTAL SCORE: 7160 Bonus ------- Follower Combat Kills 203 Entered DSFs 500 Friendly Fire -18 Cogmind --------- Core Integrity 0/850 Matter 290/300 Energy 98/100 System Corruption 0% Temperature Cool (13) Movement Walking (190) Ox1 Location -6/Factory Parts ------- > --- POWER (4) -------- (None) > --- PROPULSION (2) --- Carbon-fiber Leg > --- UTILITY (7) ------ Large Storage Unit Advanced Signal Interpreter Component Analysis Suite > --- WEAPON (2) ------- (None) > --- INVENTORY (15) --- Improved Heat Sink Energy Well (350) Heavy Laser Heavy Laser Heavy Ion Cannon Improved Datajack Improved Datajack Improved Datajack Peak State ------------ > --- POWER ------------ Light Nuclear Core Improved Deuterium Engine > --- PROPULSION ------- Carbon-fiber Leg Improved Titanium Leg > --- UTILITY ---------- Large Storage Unit High-capacity Matter Pod Transmission Jammer ECM Suite Improved Light Armor Plating System Shield Component Analysis Suite > --- WEAPON ----------- Improved EM Pulse Cannon Heavy Ion Cannon > --- INVENTORY -------- Titanium Leg Compact Wheel Terrain Scanner Heavy Laser High-powered Shotgun Improved Datajack [Rating: 40] Favorites ----------- Power Ion Engine Engine Ion Engine Power Core Light Nuclear Core Reactor Light Antimatter Reactor Propulsion Aluminum Leg Leg Aluminum Leg Wheel Compact Wheel Utility Small Storage Unit Device ECM Suite Storage Small Storage Unit Processor Targeting Computer Hackware System Shield Protection Reflective Plating Weapon Beam Cannon Energy Gun Particle Gun Energy Cannon Beam Cannon Ballistic Gun Assault Rifle Ballistic Cannon Assault Cannon Launcher Grenade Launcher Impact Weapon Powered Hammer Slashing Weapon Greatsword Special Melee Weapon Improved Datajack Build | -11 -10 -10 -9 -8 -7 -7 -6 ------- Run | Yrd Mat Min Mat Mat Fac DSF Fac Slots Evolved 8 | . . . 2 2 2 . 2 Power 3 | . . . . 1 . . 2 Propulsion . | . . . . . . . . Utility 5 | . . . 2 1 2 . . Weapon . | . . . . . . . . Parts Attached 112 | 6 16 4 7 41 4 17 17 Power 17 | 1 4 1 1 7 . 2 1 Engine 12 | 1 3 1 1 5 . 1 . Core 4 | . 1 . . 2 . 1 . Reactor 1 | . . . . . . . 1 Propulsion 24 | 2 3 1 2 7 2 1 6 Treads . | . . . . . . . . Leg 21 | 2 3 1 2 7 2 1 3 Wheel 3 | . . . . . . . 3 Hover . | . . . . . . . . Flight . | . . . . . . . . Utility 34 | 1 6 . 4 16 2 4 1 Device 13 | . 3 . 2 4 1 3 . Storage 6 | 1 1 . . 4 . . . Processor 4 | . . . 1 2 . . 1 Hackware 2 | . . . . 2 . . . Protection 9 | . 2 . 1 4 1 1 . Artifact . | . . . . . . . . Weapon 37 | 2 3 2 . 11 . 10 9 Energy Gun 7 | 1 . 1 . 4 . . 1 Energy Cannon 9 | . 2 . . 1 . 4 2 Ballistic Gun 13 | 1 1 . . 5 . 6 . Ballistic Cannon 1 | . . . . 1 . . . Launcher 1 | . . 1 . . . . . Special Weapon . | . . . . . . . . Impact Weapon 3 | . . . . . . . 3 Slashing Weapon 2 | . . . . . . . 2 Piercing Weapon . | . . . . . . . . Special Melee Weapon 1 | . . . . . . . 1 Unidentified Prototypes . | . . . . . . . . Parts Lost 37 | . . . . 12 . 10 15 Power 7 | . . . . 3 . 2 2 Propulsion 8 | . . . . 1 . 2 5 Utility 11 | . . . . 3 . 4 4 Weapon 11 | . . . . 5 . 2 4 Highest Loss Streak 8 | . . . . 8 . 6 8 To Critical Strikes . | . . . . . . . . Average Slot Usage (%) 89 | . 95 97 99 94 85 80 54 Engine 10 | . 13 14 11 11 7 4 3 Core 1 | . . . . 4 . 3 . Leg 19 | . 27 28 21 17 15 11 7 Device 8 | . 2 . 11 10 11 16 13 Storage 12 | . 14 14 11 12 15 15 7 Processor 3 | . . . 11 4 . . 5 Hackware 4 | . . . . 10 7 7 . Protection 7 | . 7 14 11 6 11 5 3 Energy Gun 3 | . . 5 11 5 . . . Energy Cannon 6 | . 13 14 11 2 . 4 3 Ballistic Gun 6 | . 13 2 . 4 15 9 . Ballistic Cannon 1 | . . . . 4 . . . Peak Build Rating 40 | 6 9 9 18 33 35 40 38 Average Rating 20 | 3 6 8 15 27 28 30 29 On Entrance 16 | . 6 7 9 18 22 35 34 Naked Turns . | . . . . . . . . Heaviest Build 61 | 13 18 19 23 50 55 61 55 Greatest Support 43 | 20 20 20 26 43 38 38 37 Greatest Overweight (x) 9 | 3 1 . 1 7 2 2 9 Average Overweight (x) . | . . . . . 1 1 1 Largest Inventory Capacity 15 | 8 8 8 8 15 15 15 15 Average Capacity 10 | 7 8 8 8 9 15 15 15 Most Carried 14 | 6 8 8 8 11 11 13 14 Average Carried 7 | 2 6 7 6 7 8 9 10 Final Capacity 15 | 8 8 8 8 15 15 15 15 Final Carried 10 | 2 7 8 7 4 10 10 8 Class Distribution -------------------- 47% | Hacker-Mutant 46% | Mutant 5% | Scavenger-Mutant Dominant Class ---------------- Mutant | -10/Materials Mutant | -10/Mines Mutant | -9/Materials Hacker-Mutant | -8/Materials Hacker-Mutant | -7/Factory Hacker-Mutant | -7/DSF Mutant | -6/Factory Resources | -11 -10 -10 -9 -8 -7 -7 -6 ----------- Run | Yrd Mat Min Mat Mat Fac DSF Fac Matter Collected 2067 | 203 253 87 70 810 58 392 194 Remotely . | . . . . . . . . Salvage Created 3299 | . 449 160 158 1288 . 440 804 Parts 156 | . 29 9 15 66 . 18 19 Haulers Intercepted . | . . . . . . . . Recyclers Shooed 3 | . . . 1 2 . . . Parts Field Recycled . | . . . . . . . . Retrieved Matter . | . . . . . . . . Parts Self-Destructed . | . . . . . . . . Prevented . | . . . . . . . . Kills | -11 -10 -10 -9 -8 -7 -7 -6 ------- Run | Yrd Mat Min Mat Mat Fac DSF Fac Combat Hostiles Destroyed 65 | . 7 5 7 24 . 12 10 Melee 3 | . . . . . . . 3 Guns 25 | . 3 1 4 10 . 7 . Cannons 31 | . 4 3 3 13 . 5 3 AOE 1 | . . . . 1 . . . Classes Destroyed 12 | . 7 . 1 2 . 2 . Worker 2 | . 2 . . . . . . Builder 1 | . 1 . . . . . . Tunneler 1 | . 1 . . . . . . Recycler 3 | . 1 . . 1 . . 1 Watcher 6 | . 1 . 1 3 . . 1 Swarmer 21 | . 3 2 5 3 . 8 . Grunt 23 | . 4 3 1 9 . . 6 Duelist 1 | . . . . 1 . . . Sentry 13 | . . . 1 9 . 1 2 Specialist 1 | . . . . . . 1 . Hunter 5 | . . . . 2 . 1 2 Heavy 1 | . . . . . . 1 . Best Kill Streak 4 | . 4 2 3 3 . 4 2 Combat Bots Only 4 | . 3 2 3 3 . 4 2 Max Kills in Single Turn 2 | . 2 1 1 1 . 1 1 Gunslinging . | . . . . . . . . Exploded 1 | . . . . 1 . . . Melee 1 | . . . . . . . 1 Uniques/NPCs Destroyed . | . . . . . . . . Combat | -11 -10 -10 -9 -8 -7 -7 -6 -------- Run | Yrd Mat Min Mat Mat Fac DSF Fac Hostile Shots Fired 824 | . 28 28 28 208 . 226 306 Missed 239 | . 8 9 10 53 . 74 85 Damage Taken 6139 | . 161 158 127 1692 . 1815 2186 Core 1891 | . 26 33 . 391 . 585 856 Absorbed by Shields . | . . . . . . . . Redirected to Shielding 101 | . . . . . . 101 . Ignored by Resistances 1831 | . 49 51 47 542 . 491 651 Regen/Repaired (Parts) 35 | . . . . 35 . . . Core Remaining (%) 64 | 100 . 76 100 28 . 16 . Volleys Fired 192 | . 26 12 16 87 . 36 15 Largest 2 | . 2 2 2 2 . 2 2 Hottest 134 | . 80 125 125 120 . 134 134 Shots Fired 341 | . 52 21 32 146 . 62 28 Gun 189 | . 26 9 16 95 . 42 1 Cannon 152 | . 26 12 16 51 . 20 27 Launcher . | . . . . . . . . Special . | . . . . . . . . Kinetic 138 | . 26 5 . 65 . 42 . Thermal 149 | . 26 16 32 51 . 8 16 Explosive . | . . . . . . . . Electromagnetic 54 | . . . . 30 . 12 12 Robot Hit Streak 36 | . 6 5 14 36 . 17 13 Robot Miss Streak 3 | . 3 3 2 3 . 3 1 Penetration Max . | . . . . . . . . Secondary Targets 1 | . . . . . . 1 . Max Gunslinging Chain 1 | . . . . . . 1 . Shots Hit Robots 294 | . 31 11 22 124 . 51 55 Core Hits 117 | . 17 8 8 48 . 23 13 Critical Kills 2 | . . 1 . . . 1 . Critical Parts Destroyed 8 | . . . . 1 . 2 5 Critical Strikes 16 | . . 1 . 5 . 3 7 Burn 2 | . . . . 2 . . . Meltdown 1 | . . 1 . . . . . Destroy 4 | . . . . 1 . 3 . Blast 1 | . . . . 1 . . . Corrupt 1 | . . . . 1 . . . Smash 5 | . . . . . . . 5 Sever 2 | . . . . . . . 2 Melee Attacks 33 | . . . . . . . 33 Impact 18 | . . . . . . . 18 Slashing 15 | . . . . . . . 15 Piercing . | . . . . . . . . Sneak Attacks 2 | . . . . . . . 2 Combat Hostiles . | . . . . . . . . Follow-up Attacks . | . . . . . . . . Damage Inflicted 6717 | . 505 190 376 2487 . 1022 2137 Guns 2474 | . 227 67 135 1371 . 656 18 Cannons 2664 | . 278 123 229 987 . 366 681 Explosions 66 | . . . . 66 . . . Melee 1438 | . . . . . . . 1438 Ramming 75 | . . . 12 63 . . . Kinetic 1830 | . 227 35 . 912 . 656 . Thermal 2332 | . 278 155 364 951 . 192 392 Explosive . | . . . . . . . . Electromagnetic 1042 | . . . . 561 . 174 307 Impact 587 | . . . . . . . 587 Slashing 851 | . . . . . . . 851 Piercing . | . . . . . . . . Highest Corruption . | . . . . . . . . Average Corruption . | . . . . . . . . Corruption Purged . | . . . . . . . . Corruption Blocked . | . . . . . . . . Overload Shots . | . . . . . . . . Overflow Damage 328 | . 9 . . 19 . 1 299 Projectiles 30 | . 9 . . 19 . 1 1 Explosions . | . . . . . . . . Melee 298 | . . . . . . . 298 Knockbacks 5 | . . . . 2 . . 3 Impact 3 | . . . . . . . 3 Kinetic 2 | . . . . 2 . . . Secondary . | . . . . . . . . Self-Inflicted Damage . | . . . . . . . . Shots . | . . . . . . . . Rammed . | . . . . . . . . Targets Rammed 8 | . . . 1 7 . . . Kicked 8 | . . . 1 7 . . . Crushed . | . . . . . . . . Highest Temperature 1300 | . 135 90 313 345 . 1300 314 Average Temperature 132 | . 39 38 124 88 . 419 147 Received Heat Transfer 1938 | . 60 78 42 846 . 192 720 Effects 31 | . . . . 1 . 30 . Shutdowns 4 | . . . . . . 4 . Energy Bleed 2 | . . . . . . 2 . Interference 6 | . . . . 1 . 5 . Matter Decay 4 | . . . . . . 4 . Short Circuit 2 | . . . . . . 2 . Damage (minor) 3 | . . . . . . 3 . Damage (major) 8 | . . . . . . 8 . Damage (core) 2 | . . . . . . 2 . Siege Activations . | . . . . . . . . Robots Corrupted 5 | . . . . . . . 5 Combat Hostiles 4 | . . . . . . . 4 Parts Fried 16 | . . . . 2 . . 14 Impact Corruptions 10 | . . . . . . . 10 Robots Melted 1 | . . 1 . . . . . Combat Hostiles 1 | . . 1 . . . . . Parts Melted 12 | . 2 1 2 5 . 2 . Heat Transferred 4466 | . 592 333 814 1913 . 259 555 Parts Sabotaged . | . . . . . . . . Parts Stolen . | . . . . . . . . Parts Stripped . | . . . . . . . . Power Chain Reactions 1 | . . . . 1 . . . Alert | -11 -10 -10 -9 -8 -7 -7 -6 ------- Run | Yrd Mat Min Mat Mat Fac DSF Fac Peak Influence 338 | . 195 134 273 338 5 249 203 Initial 113 | . . 38 24 97 5 . 113 Average 104 | . 78 67 150 145 4 93 119 Maximum Alert Level 1 | . . . 1 1 . 1 1 Low Security (%) 89 | 100 100 100 72 78 100 89 96 Level 1 10 | . . . 27 21 . 10 3 Level 2 . | . . . . . . . . Level 3 . | . . . . . . . . Level 4 . | . . . . . . . . Level 5 . | . . . . . . . . High Security . | . . . . . . . . Max Security . | . . . . . . . . Sterilizations 1 | . . . . . . 1 . Squads Dispatched 7 | . . . . 2 . 1 4 Investigation . | . . . . . . . . Extermination 1 | . . . . . . . 1 Reinforcement 3 | . . . . 2 . 1 . Assault . | . . . . . . . . Garrison 3 | . . . . . . . 3 Intercept . | . . . . . . . . Searches Triggered . | . . . . . . . . Construction Impeded 1 | . . . . 1 . . . Haulers Reinforced . | . . . . . . . . Active Scanning Responses . | . . . . . . . . Cargo Convoy Interrupts . | . . . . . . . . Stealth | -11 -10 -10 -9 -8 -7 -7 -6 --------- Run | Yrd Mat Min Mat Mat Fac DSF Fac Distress Signals 7 | . . . . 1 . . 6 Communications Jammed . | . . . . . . . . Distress Signals . | . . . . . . . . Times Spotted 121 | . 19 8 17 35 . 15 27 Peak Tracking Total 7 | . 5 3 5 5 . 4 7 Tactical Retreats 11 | . 2 1 1 2 . 2 3 Traps | -11 -10 -10 -9 -8 -7 -7 -6 ------- Run | Yrd Mat Min Mat Mat Fac DSF Fac Traps Triggered 8 | . 3 . . 4 . 1 . Indirectly . | . . . . . . . . Trap Hack Attempts . | . . . . . . . . Triggered . | . . . . . . . . Disarmed . | . . . . . . . . Reprogrammed . | . . . . . . . . Reused . | . . . . . . . . Traps Extracted . | . . . . . . . . Installed . | . . . . . . . . Triggered . | . . . . . . . . Machines | -11 -10 -10 -9 -8 -7 -7 -6 ---------- Run | Yrd Mat Min Mat Mat Fac DSF Fac Machines Disabled 3 | . 1 . 1 . . 1 . Max in Single Turn 1 | . 1 . 1 . . 1 . Machines Repaired . | . . . . . . . . Machines Dismantled . | . . . . . . . . Machines Sabotaged . | . . . . . . . . Overloaded Fab Kills . | . . . . . . . . Hacking | -11 -10 -10 -9 -8 -7 -7 -6 --------- Run | Yrd Mat Min Mat Mat Fac DSF Fac Machines Accessed 21 | . 7 1 7 4 2 . . Terminals 14 | . 5 1 5 1 2 . . Fabricators . | . . . . . . . . Repair Stations 1 | . . . . 1 . . . Recycling Units 6 | . 2 . 2 2 . . . Scanalyzers . | . . . . . . . . Garrison Access . | . . . . . . . . Total Hacks 41 | . 13 1 11 9 7 . . Successful 28 | . 10 1 8 6 3 . . Failed 13 | . 3 . 3 3 4 . . Catastrophic . | . . . . . . . . Database Lockouts . | . . . . . . . . Manual . | . . . . . . . . Terminals 30 | . 10 1 9 3 7 . . Fabricators . | . . . . . . . . Repair Stations 2 | . . . . 2 . . . Recycling Units 9 | . 3 . 2 4 . . . Scanalyzers . | . . . . . . . . Garrison Access . | . . . . . . . . Terminal Hacks 19 | . 7 1 6 2 3 . . Record 2 | . 1 . . . 1 . . Open DSF 1 | . . . . . 1 . . Emergency Access Points 2 | . 1 . 1 . . . . Alert Level 2 | . 1 . . . 1 . . Unreport Threat 1 | . . . . 1 . . . Locate Traps 5 | . 1 . 4 . . . . Dispatch Records 1 | . 1 . . . . . . Investigation Status 1 | . . 1 . . . . . Hauler Manifests 1 | . . . . 1 . . . Zone Layout 3 | . 2 . 1 . . . . Fabricator Hacks . | . . . . . . . . Repair Station Hacks 2 | . . . . 2 . . . Scan Component 1 | . . . . 1 . . . Repair 1 | . . . . 1 . . . Recycling Unit Hacks 7 | . 3 . 2 2 . . . Recycle Component 1 | . 1 . . . . . . Process 1 | . 1 . . . . . . Report Inventory 4 | . 1 . 2 1 . . . Retrieve Matter 1 | . . . . 1 . . . Scanalyzer . | . . . . . . . . Garrison Access Hacks . | . . . . . . . . Unauthorized Hacks . | . . . . . . . . Terminals . | . . . . . . . . Fabricators . | . . . . . . . . Repair Stations . | . . . . . . . . Recycling Units . | . . . . . . . . Scanalyzers . | . . . . . . . . Garrison Access . | . . . . . . . . Data Cores Recovered . | . . . . . . . . Used . | . . . . . . . . Hacking Detections 8 | . 3 . 3 2 . . . Full Trace Events . | . . . . . . . . Feedback Events . | . . . . . . . . Feedback Blocked . | . . . . . . . . Robot Schematics Acquired . | . . . . . . . . Robots Built . | . . . . . . . . Authchips . | . . . . . . . . Time . | . . . . . . . . Total Robot Build Rating . | . . . . . . . . Part Schematics Acquired . | . . . . . . . . Parts Built . | . . . . . . . . Authchips . | . . . . . . . . Time . | . . . . . . . . Total Part Build Rating . | . . . . . . . . Parts Repaired 1 | . . . . 1 . . . Time 38 | . . . . 38 . . . Parts Recycled 1 | . 1 . . . . . . Recycled Matter 22 | . 22 . . . . . . Retrieved Matter . | . . . . . . . . Retrieved Components . | . . . . . . . . Parts Scanalyzed . | . . . . . . . . Part Schematics Acquired . | . . . . . . . . Parts Damaged . | . . . . . . . . Bothacking | -11 -10 -10 -9 -8 -7 -7 -6 ------------ Run | Yrd Mat Min Mat Mat Fac DSF Fac Used RIF Installer . | . . . . . . . . Robots Hacked . | . . . . . . . . Non-combat . | . . . . . . . . Combat . | . . . . . . . . Robot Hacks Applied . | . . . . . . . . Relay Couplers Released . | . . . . . . . . Fabnet Peak Effective % . | . . . . . . . . Robots Rewired . | . . . . . . . . Allies Hacked . | . . . . . . . . Hacks Repelled . | . . . . . . . . Allies | -11 -10 -10 -9 -8 -7 -7 -6 -------- Run | Yrd Mat Min Mat Mat Fac DSF Fac Total Allies 3 | . . 3 . . . . . Largest Group 3 | . . 3 3 1 . . . Highest-Rated Group 40 | . . 40 40 16 . . . Highest-Rated Ally 16 | . . 16 16 16 . . . Total Orders . | . . . . . . . . Ally Attacks 67 | . . 6 45 16 . . . Total Damage 578 | . . 48 422 108 . . . Kills 12 | . . 1 9 2 . . . Allies Corrupted . | . . . . . . . . Allies Melted . | . . . . . . . . Intel | -11 -10 -10 -9 -8 -7 -7 -6 ------- Run | Yrd Mat Min Mat Mat Fac DSF Fac Robot Analysis Total . | . . . . . . . . Derelict Logs Recovered 1 | . . 1 . . . . . Drone Launches . | . . . . . . . . Drone Recoveries . | . . . . . . . . Exploration | -11 -10 -10 -9 -8 -7 -7 -6 ------------- Run | Yrd Mat Min Mat Mat Fac DSF Fac Turns Passed 5778 | 78 1140 623 572 1803 433 504 625 Spaces Moved 3192 | 47 839 485 405 868 186 172 190 Core 42 | 18 . . . 6 . . 18 Treads . | . . . . . . . . Legs 3111 | 29 839 485 405 862 186 172 133 Wheels 39 | . . . . . . . 39 Hover . | . . . . . . . . Flight . | . . . . . . . . Fastest Speed 50 | 50 120 120 120 120 195 125 115 Average Speed 146 | 137 120 120 122 153 225 213 210 Slowest Speed 500 | 200 190 120 190 400 265 270 500 Overloaded Moves . | . . . . . . . . Propulsion Burnouts . | . . . . . . . . Robots Hopped . | . . . . . . . . Cave-ins Triggered . | . . . . . . . . Exploration Rate (%) 45 | 4 92 79 30 68 7 79 3 Regions Visited 7 Branch Regions 1 Pre-discovered Areas . | . . . . . . . . Known Exits Taken 1 | . . . . . 1 . . Unknown Exits Taken 5 | 1 1 1 1 1 . . . Scrap Searched 1 | . . 1 . . . . . Spaces Dug . | . . . . . . . . Terrain Destroyed 6 | . . . . 6 . . . Melee . | . . . . . . . . Projectile 3 | . . . . 3 . . . AOE 3 | . . . . 3 . . . Terrain Rammed . | . . . . . . . . Walls Destroyed . | . . . . . . . . Machines Disabled . | . . . . . . . . Actions | -11 -10 -10 -9 -8 -7 -7 -6 --------- Run | Yrd Mat Min Mat Mat Fac DSF Fac Total 3919 | 60 920 505 451 1203 199 251 330 Wait 222 | . 13 . 4 139 . 7 59 Move 3185 | 46 838 484 404 867 185 171 190 Hop . | . . . . . . . . Pick Up 104 | 8 16 2 10 36 9 14 9 Fast Attach 12 | . 4 1 . 7 . . . Attach 80 | 6 10 . 6 28 2 14 14 Detach 11 | . 4 . . 2 . 1 4 Swap 20 | . 2 3 1 6 2 3 3 Drop 52 | . 7 3 9 24 1 5 3 Fire 192 | . 26 12 16 87 . 36 15 Melee 33 | . . . . . . . 33 Ram . | . . . . . . . . Kick 8 | . . . 1 7 . . . Crush . | . . . . . . . . Escape Stasis . | . . . . . . . . Rewire . | . . . . . . . . Trap . | . . . . . . . . Miscellaneous . | . . . . . . . . Route ------- -11/Scrapyard -10/Materials (discovered 4 exits: *Mat x3 / *Min) -10/Mines -9/Materials (discovered 3 exits: *Mat / Min / [*Sto]) -8/Materials -7/Factory -7/DSF -6/Factory History --------- Turn | Location | Event 24 | -11/Scrapyard | Discovered new exit (range 16) 79 | -11/Scrapyard | Entered Materials 245 | -10/Materials | Discovered new exit (range 12) 309 | -10/Materials | Build established: Mutant 504 | -10/Materials | Discovered new exit (range 16) 599 | -10/Materials | Discovered new exit (range 4) 753 | -10/Materials | Discovered new exit (range 16) 1219 | -10/Materials | Entered Mines 1407 | -10/Mines | YI-UF0 nonchalantly dropped a Grenade Launcher on the ground 1496 | -10/Mines | Assisted by bots powering up and referring to "LRC-V3" 1824 | -10/Mines | Discovered new exit (range 9) 1842 | -10/Mines | Entered Materials 1842 | -9/Materials | Accompanied by 3 allies 1842 | -9/Materials | Evolved 2 slots: Utility x2 1843 | -9/Materials | Identified exit to Mines 2111 | -9/Materials | Discovered new exit (range 15) 2288 | -9/Materials | Discovered new exit (range 15) 2414 | -9/Materials | Entered another Materials area 2414 | -8/Materials | Accompanied by 1 ally 2414 | -8/Materials | Evolved 2 slots: Power x1, Utility x1 2710 | -8/Materials | Build established: Hacker-Mutant 2954 | -8/Materials | Core integrity fell below 50% 2992 | -8/Materials | Lost 8 parts (3p1n3u1w) 3756 | -8/Materials | Repaired Titanium Leg 4167 | -8/Materials | Discovered new exit (range 8) 4217 | -8/Materials | Entered Factory 4217 | -7/Factory | Evolved 2 slots: Utility x2 4650 | -7/Factory | Identified exit to DSF 4650 | -7/Factory | Entered DSF 4677 | -7/DSF | Additional patrols routed to DSF 4814 | -7/DSF | Lost 6 parts (1p1n4u) 5015 | -7/DSF | Core integrity fell below 50% 5029 | -7/DSF | Sterilization system engaged 5049 | -7/DSF | Ambient heat levels rising (+10) 5064 | -7/DSF | Ambient heat levels rising (+10) 5079 | -7/DSF | Ambient heat levels rising (+10) 5085 | -7/DSF | Discovered new exit (range 15) 5094 | -7/DSF | Ambient heat levels rising (+10) 5109 | -7/DSF | Ambient heat levels rising (+10) 5124 | -7/DSF | Ambient heat levels rising (+10) 5139 | -7/DSF | Ambient heat levels rising (+10) 5147 | -7/DSF | Core integrity fell below 20% 5154 | -7/DSF | Ambient heat levels rising (+10) 5154 | -7/DSF | Entered Factory 5154 | -6/Factory | Evolved 2 slots: Power x2 5537 | -6/Factory | Build established: Mutant 5540 | -6/Factory | Garrison activated, responded to threat 5598 | -6/Factory | Core integrity fell below 50% 5647 | -6/Factory | Lost 8 parts (2p3n1u2w) 5733 | -6/Factory | Core integrity fell below 20% 5779 | -6/Factory | Destroyed by Y-54 Guardian with Gatling Laser Last Messages --------------- crushing effect. 05761_ W-25 Informer system terminally corrupted. 05761_ Visual Processing Unit fried. 05761_ Imp. Signal Interpreter fried. 05761_ K-01 Serf collects debris. 05765_ Powered Hammer destroyed. 05766_ K-01 Serf cleans the Subcomponent Replicator. 05768_ W-25 Informer destroyed. 05768_ K-01 Serf cleans the Subcomponent Replicator. 05769_ K-01 Serf collects debris. 05769_ K-01 Serf cleans the Subcomponent Replicator. 05771_ K-01 Serf collects debris. 05771_ Com. Wheel destroyed. 05772_ R-10 Processor collects Visual Processing Unit. 05772_ K-01 Serf collects debris. Map ----- +----------------------------------------------------+ | ??????????? ??????????# """" """" #???????????? | | ???????????? ????????# #???????????? | | ??????????####+##############+#########????????? | | ????????? #????????? | | ????????? ^ #????????? | | ???????? #????????? | | ???????? #????????? | | ???????? ^ % #????????? | | ???????????# """"" #####+### #????????? | | ???????????????""""" ## # #????????? | | ???????????????""" ## ! % #######????????? | | ?????????????? ## ! % #??????????????? | | ???????????? """"" ## #??????????????? | | ???????????# """"" ## #??????????????? | | ???????????#? """ ## #??????????????? | | ???????????# ? "# #??????????????? | | ???????????# """"" "# #??????????????? | | ???????????# """"" "# #??????????????? | | ???????????# """ T#% #??????????????? | | ???????????# % "# #??????????????? | | ???????????# """"" "# #??????????????? | | ??????""???# """"" "# % #??????????????? | | ??????"""??# """ ## %!%%#??????????????? | | ???????"" ?# % ####+########??????????? | | ???????? # """""kY # % #?????????? | | ???????? / """""k Y/@ """"""""" #?????????? | | ???????Y"" # """ m # ??????????? | | ???????????# p # """"""""" #?????????? | | ???????????+ % # ??????????? | | ???????????###+########## """"""""" ??????????? | | ???????????? [?????????# ???????????? | | ?????????? ??????????# """"""""????????????? | | ????????# ??????????# ??????????????? | | ????????# ???????????# """""???????????????? | | ????????# ???????????# ????????????????? | | ????????# ????????????# =??????????????????? | | ????????# "????????????#####??????????????????? | | ????????# ????????????????????????????????????? | | ????????# ????????????????????????????????????? | | ????????# ?????????????????????????????????????? | | ????????#??????????????????????????????????????? | | ???????????????????????????????????????????????? | | ???????????????????????????????????????????????? | | ???????????????????????????????????????????????? | | ???????????????????????????????????????????????? | | ???????????????????????????????????????????????? | | ???????????????????????????????????????????????? | | ???????????????????????????????????????????????? | | ???????????????????????????????????????????????? | | ???????????????????????????????????????????????? | +----------------------------------------------------+ Best States ------------- Heat Dissipation 50 Energy Generation 25 Energy Capacity 350 Matter Stores 500 Matter Capacity 500 Sight Range 18 Terrain Scan Density 10 ECM Strength 1 Jamming Range 12 Additional Mass Support 9 Armor Coverage 150 Resistance: KI 20 Resistance: TH 30 Resistance: EX 20 Resistance: EM 20 Resistance: I 20 Resistance: S 20 Resistance: P 20 Weapon Shielding 66 Evasion (%) 55 Targeting Accuracy 5 Matter Filtering 30 Energy Filtering 30 Offensive Hacking 10 Defensive Hacking 20 Item Schematics ----------------- None Robot Schematics ------------------ None Fabricated ------------ Nothing Alien Tech Used ----------------- None Achievements -------------- None Challenges ------------ None Game ------ Seed MomentumCooledSpear Manual? 0 Play Time 01:48:42 Cumulative 18.2 hours Start 2024.08.19 @ 23:05:26 End 2024.08.28 @ 17:36:34 Sessions 5 Manual Loads 0 Difficulty Adventurer Special Mode None Game No. 14 Rogue 2 Adventurer 12 Explorer 0 Win Type - Total 0 Types 0/0/0/0/0/0/0/0/0 Lore% 10 Gallery% 15 Achievement% 13 Wizard Run 0 Options --------- Layout 1 ASCII 0 Keyboard 0 Movement Mouse Keybinds 0 Fullscreen 1 Font 24/Smallcaps Map View 50x35 Zoom Use 0% Tactical HUD 1 Map Filters NONE Filters NONE Steam 1 RUN: 171a6b2a-6e5b-4285-8ccc-514fa24c5164